Unix NetHack Version 3.7.0-89 Work-in-progress - last build Sep 7 2023 15:16:41 (8494bff02b67719303c47e298deaa89034127798,branch:master). Game began 2023-09-10 23:28:11, ended 2023-09-10 23:30:03. Stella, lawful female human Knight --- |.. --- ----.. ----.-- ---...... --- ----.)...-- --........--. --....))..^------ | |....................................- | --.........---.........-- .------ |.........--..))..))@......----- ------ ---...........%.......+G........................- -)..............<----.....---------- -- -- -- |.h............---- -G....| |...........---- ....-- ----.......- |.--.. ---..... --- h.- ----. -.. -- ..? ..- .-- .| -- Stella the Esquire St:14 Dx:8 Co:11 In:9 Wi:16 Ch:17 Lawful Dlvl:4 $:7 HP:0(38) Pw:26(26) AC:3 Exp:4 T:374 Latest messages: The gnome wields 5 daggers! You hit it. The gnome hits! You kill the gnome! You miss it. The gnome wields an aklys! You kill the gnome! The hobbit throws an elven dagger! It misses. There are several objects here. The gnome wields a bow! The gnome shoots an arrow! The arrow hits it. The hobbit is killed! You see here an elven mithril-coat. You have a little trouble lifting an elven mithril-coat. Continue? [ynq] (q) The gnome shoots an arrow! You are hit. What do you want to use or apply? [beip or ?*] b - a +1 lance (weapon in hand). a - a +1 long sword (alternate weapon; not wielded). Where do you want to hit? The lance hits it. You kill the gnome lord! Welcome to experience level 4. The gnome is hit by a corroded arrow! The gnome shoots an arrow! It misses. The gnome shoots an arrow! You are hit. The gnome misses! You hit it. The gnome hits! You kill the gnome! q - a pear. The gnome shoots an arrow! You are hit! What do you want to drop? [$a-q or ?*] The gnome shoots an arrow! It misses. You kill the gnome! r - an elven mithril-coat. The gnome throws a dart! It misses. The gnome hits! You hit it. You hit it. The gnome hits! You die... Do you want to see the dungeon overview? [ynq] (y) Inventory: Coins $ - 7 gold pieces Weapons a - a +1 long sword (alternate weapon; not wielded) Armor d - an uncursed +0 helmet (being worn) f - an uncursed +0 pair of leather gloves (being worn) l - an uncursed +0 small shield (being worn) r - an uncursed +0 elven mithril-coat c - a blessed +1 ring mail (being worn) Comestibles k - an uncursed fafafa g - 11 uncursed apples h - 12 uncursed carrots m - 2 uncursed carrots j - an uncursed cram ration q - an uncursed pear Potions o - 2 uncursed potions of object detection Rings n - a cursed ring of teleportation Wands i - a wand of opening (0:5) Tools e - an uncursed skeleton key p - a blessed wax candle Stella the Knight's attributes: Background: You were an Esquire, a level 4 female human Knight. You were lawful, on a mission for Lugh who was opposed by Brigit (neutral) and Manannan Mac Lir (chaotic). You were in the Gnomish Mines, on level 4. You entered the dungeon 374 turns ago. It was nighttime. You had 102 experience points, 58 more were needed to attain level 5. Basics: You had 0 out of 38 hit points. You had all 26 energy points (spell power). Your armor class was 3. Your wallet contained 7 zorkmids. Autopickup was on for '$?!/"=' plus thrown, with exceptions. Final Characteristics: Your strength was 14 (limit:18/100). Your dexterity was 8 (limit:18). Your constitution was 11 (limit:18). Your intelligence was 9 (limit:18). Your wisdom was 16 (limit:18). Your charisma was 17 (limit:18). Final Status: You were not hungry. You were unencumbered. You were empty handed. You were unskilled in bare handed combat. Final Attributes: You were fervently aligned. You could jump. You were warded. You are dead. Miscellaneous: You disabled loading of bones levels. Total elapsed playing time was 1 minute and 52 seconds. Major events: Turn 1: Stella the lawful female human Knight entered the dungeon 229: entered the Gnomish Mines 290: attained the rank of Esquire (level 3) 374: killed by a gnome Vanquished creatures: 2 gnome leaders a hobbit a red mold 10 gnomes a fox 2 lichens a newt 18 creatures vanquished. No species were genocided or became extinct. Voluntary challenges: You went without food. You were illiterate. You never engraved Elbereth. You never had a pet. You never genocided any monsters. You never polymorphed an object. You never changed form. You used no wishes. Achievements: You entered the Gnomish Mines. You attained the rank of Esquire. The Dungeons of Doom: levels 1 to 2 Level 1: Level 2: Stairs down to The Gnomish Mines. The Gnomish Mines: levels 3 to 4 Level 3: Level 4: <- You were here. Final resting place for you, killed by a gnome. Game over: ---------- / \ / REST \ / IN \ / PEACE \ / \ | Stella | | 7 Au | | killed by a | | gnome | | | | | | 2023 | *| * * * | * _________)/\\_//(\/(/\)/\//\/|_)_______ Fare thee well Stella the Knight... You died in The Gnomish Mines on dungeon level 4 with 565 points, and 7 pieces of gold, after 374 moves. You were level 4 with a maximum of 38 hit points when you died.